 Dungeon Crawl Stone Soup version 0.28-a0-1213-g0243856f03 (webtiles) character file.

Game seed: 4064563871342048045

84 siradein the Caller (level 4, -8/33 HPs)
             Began as a Draconian Summoner on Dec 21, 2021.
             Killed by divine providence
             ... invoked by an orc priest
              (11 damage)
             ... on level 3 of the Dungeon.
             The game lasted 00:03:22 (3437 turns).

siradein the Caller (Draconian Summoner)            Turns: 3437, Time: 00:03:23

Health: -8/33      AC:  5    Str: 10    XL:     4   Next: 24%
Magic:  1/8        EV: 12    Int: 17    God:
Gold:   63         SH:  0    Dex: 12    Spells: 2/8 levels left

rFire   . . .      SeeInvis .   a - +0 quarterstaff
rCold   . . .      Faith    .   (shield currently unavailable)
rNeg    . . .      Spirit   .   (armour unavailable)
rPois   .          Reflect  .   (helmet restricted)
rElec   .          Harm     .   (no cloak)
rCorr   .          Rampage  .   (no gloves)
Will    .....                   (no boots)
Stlth   ++........              (no amulet)
HPRegen 0.11/turn               i - ring of flight
MPRegen 0.11/turn               (no ring)

@: flying
A: AC +5, unfitting armour, cold-blooded
a: no special abilities


You were on level 3 of the Dungeon.
You visited 1 branch of the dungeon, and saw 3 of its levels.

You collected 63 gold pieces.

Inventory:

Hand Weapons
 a - a +0 quarterstaff (weapon)
Magical Staves
 l - a staff of cold
Jewellery
 i - a ring of flight (left hand)
Wands
 n - a wand of flame (10)
Scrolls
 c - a scroll of fog {unknown}
 f - a scroll of identify {unknown}
 g - a scroll of enchant weapon {unknown}
 j - a scroll of blinking {unknown}
 k - a scroll of summoning {unknown}
 m - a scroll of vulnerability {unknown}
Potions
 b - a potion of heal wounds {unknown}
 d - a potion of magic {unknown}
 e - a potion of curing {unknown}
 h - a potion of attraction {unknown}


   Skills:
 + Level 2.7 Dodging
 - Level 2.0 Stealth
 + Level 2.8 Spellcasting
 + Level 4.6 Summonings


You had 2 spell levels left.
You knew the following spells:

 Your Spells              Type           Power      Damage    Failure   Level
a - Summon Small Mammal   Summ           72%        N/A       2%          1
b - Call Imp              Summ           18%        N/A       4%          2
c - Call Canine Familiar  Summ           18%        N/A       8%          3

Your spell library contained the following spells:

 Spells                   Type           Power      Damage    Failure   Level
 Summon Guardian Golem    Hex/Summ       10%        N/A       21%         3
 Summon Lightning Spire   Summ/Air       10%        N/A       56%         4


Dungeon Overview and Level Annotations

Branches:
Dungeon (3/15)

Altars:


Innate Abilities, Weirdness & Mutations

Your plain brown scales are hard. (AC +5)
You cannot fit into any form of body armour.
You are cold-blooded and may be slowed by cold attacks.


Message History

The orc hits your white imp with a +0 dagger.
Your white imp dies!
Your white imp disappears in a puff of smoke!
You swap places.
Your hound barely misses the orc priest.
The orc priest hits your hound with a +0 mace.
Your hound bites the orc priest.
What are your orders? t - Shout!
Orders for allies: a - Attack new target. p - Attack previous target. r - Retreat! s - Stop attacking. g - Guard the area. f - Follow me.
Anything else - Cancel.
Gang up on whom?
Press: ? - help, Dir - move target, f/p - orc priest
Aim: an orc priest, wielding a +0 mace (moderately wounded, ally target) Attack!
The orc priest misses your hound.
Your hound bites the orc priest.
The orc hits your hound with a +0 dagger.
Unknown command.
Your hound barely misses the orc priest.
The orc priest hits your hound with a +0 mace.
Your hound bites the orc priest.
The orc hits your hound with a +0 dagger.
The orc priest calls down the wrath of Beogh upon you.
Beogh smites you!
* * * LOW HITPOINT WARNING * * *
Your hound closely misses the orc priest.
The orc completely misses your hound.
Unknown command.
Your hound closely misses the orc priest.
The orc priest hits your hound with a +0 mace.
Your hound dies!
Your hound's corpse disappears in a puff of smoke!
The orc priest calls upon Beogh to heal the orc.
The orc's wounds heal themselves!
Your magical contamination has completely faded away.
The orc priest looks encouraged for a moment.
The orc priest mumbles some strange prayers to Beogh against you.
Beogh smites you!
You die...

#.#.........>.)<.#.#
#..(......#..#.###.#
#.#.#####.#..#o# .#
#.#.# #.#..#.# .#
#.#.# #.#..#.# .#
#)#)# #....o.# .#
####.#.# #......#
..##.#.# ####..##
#<##.#.# #.@#
#.##.#.# #.<#
#....#.########..#
#.####...........#
#.## ###########.#
..[## #.# <...# #.#
....# #.#
....############.#


You could see an orc priest and an orc.

Vanquished Creatures
  An adder (D:2)
  A bat (D:1)
  3 endoplasms (D:1)
  A giant cockroach (D:1)
  3 goblins
  2 hobgoblins (D:1)
  3 jackals (D:1)
  A ball python (D:1)
  A frilled lizard (D:1)
  4 kobolds
20 creatures vanquished.

Vanquished Creatures (collateral kills)
  Ijyb (D:3)
  An adder (D:2)
  A dart slug (D:1)
  An orc (D:3)
  2 ball pythons (D:1)
  2 endoplasms (D:2)
  A jackal (D:1)
  2 kobolds
  2 quokkas (D:1)
  A frilled lizard (D:2)
  A rat (D:1)
15 creatures vanquished.

Grand Total: 35 creatures vanquished

Notes
Turn   | Place    | Note
-------+----------+-------------------------------------------
     0 | D:1      | siradein the Draconian Summoner began the quest for the
                  | Orb.
     0 | D:1      | Reached XP level 1. HP: 14/14 MP: 3/3
   698 | D:1      | Reached XP level 2. HP: 18/20 MP: 3/5
   776 | D:1      | Learned a level 2 spell: Call Imp
  1351 | D:1      | Found a faded altar of an unknown god.
  1397 | D:1      | Reached XP level 3. HP: 4/26 MP: 3/6
  1843 | D:1      | Learned a level 3 spell: Call Canine Familiar
  2041 | D:2      | HP: 1/26 [poisoned by an adder]
  2982 | D:3      | Noticed Ijyb
  2995 | D:3      | Killed Ijyb
  2996 | D:3      | Reached XP level 4. HP: 17/33 MP: 2/8
  3192 | D:3      | Noticed an ogre
  3437 | D:3      | Killed from afar by an orc priest

Illustrated notes

Levels and vault maps discovered:
D:1:      matt_arrival_diagonals, layout_basic,
          hellmonk_ecumenical_altar_dog_temple
D:2:      layout_basic
D:3:      layout_loops_ring, uniq_ijyb

Skill      XL: |  1 |
---------------+----+-----
Dodging        | 2 |  2.7
Stealth        | 2 |  2.0
Spellcasting   | |  2.8
Summonings     | |  4.6

Action                   |  1- 3 |  4- 6 || total
-------------------------+-------+-------++-------
Melee: Quarterstaff      |    83 |    14 ||    97
       Tailslap          |     7 |       ||     7
 Cast: Summon Small Mamm |     8 |       ||     8
       Call Imp          |    18 |     5 ||    23
       Call Canine Famil |     2 |     1 ||     3
 Stab: Sleeping          |     2 |       ||     2
       Distracted        |     1 |     1 ||     2
Armor: Skin              |    33 |     9 ||    42
Dodge: Dodged            |    66 |    16 ||    82

Table legend: (Time is in decaauts)
 A = Elapsed time spent in this place.
 B = Non-inter-level travel time spent in this place.
 C = Inter-level travel time spent in this place.
 D = Time resting spent in this place.
 E = Time spent auto-exploring this place.
 F = Levels seen in this place.
 G = Mean time per level.
                   A        B        C        D        E       F      G
               +--------+--------+--------+--------+--------+-----+--------+
         Total |   3467 |   3437 |     30 |    123 |   2891 |   3 | 1155.7 |
       Dungeon |   3467 |   3437 |     30 |    123 |   2891 |   3 | 1155.7 |
               +--------+--------+--------+--------+--------+-----+--------+

Top non-repeatable levels by time:
     D:1: 1870 daAuts
     D:2: 1244 daAuts
     D:3: 352 daAuts
